 Dungeon Crawl Stone Soup version 0.28-a0-1184-g53156a8862 (webtiles) character file.

Game seed: 3284645786093556031

273 bearlyready the Stinger (level 6, -7/45 HPs)
             Began as a Draconian Venom Mage on Dec 18, 2021.
             Mangled by a spatial vortex (24 damage)
             ... summoned by a spatial maelstrom
             ... on level 1 of the Abyss.
             The game lasted 00:03:36 (3773 turns).

bearlyready the Stinger (Draconian Venom Mage)      Turns: 3773, Time: 00:03:37

Health: -7/45      AC:  6    Str: 10    XL:     6   Next: 3%
Magic:  9/9        EV: 12    Int: 18    God:
Gold:   137        SH:  0    Dex: 11    Spells: 4/9 levels left

rFire   . . .      SeeInvis .   c - +0 short sword (elec)
rCold   . . .      Faith    .   (no shield)
rNeg    . . .      Spirit   .   (armour unavailable)
rPois   .          Reflect  .   (helmet restricted)
rElec   .          Harm     .   (no cloak)
rCorr   .          Rampage  .   (no gloves)
Will    .....                   (no boots)
Stlth   ++........              (no amulet)
HPRegen 0.15/turn               (no ring)
MPRegen 0.11/turn               (no ring)

@: no status effects
A: AC +6, unfitting armour, cold-blooded
a: no special abilities


You were on level 1 of the Abyss.
You visited 1 branch of the dungeon, and saw 3 of its levels.
You visited the Abyss 1 time.

You collected 137 gold pieces.

Inventory:

Hand Weapons
 a - a +2 whip of draining
 c - a +0 short sword of electrocution (weapon)
 f - a +0 rapier
Jewellery
 d - a +6 ring of intelligence
Wands
 b - a wand of polymorph (8)
Scrolls
 g - a scroll of teleportation {unknown}
 h - a scroll of enchant armour {unknown}
Potions
 e - a potion of haste {unknown}


   Skills:
 + Level 1.0 Short Blades
 - Level 1.7 Dodging
 - Level 1.7 Stealth
 - Level 2.0 Spellcasting
 - Level 1.0 Transmutations
 + Level 6.6 Poison Magic


You had 4 spell levels left.
You knew the following spells:

 Your Spells              Type           Power      Damage    Failure   Level
a - Sting                 Tmut/Pois      60%        1d6       3%          1
b - Olgreb's Toxic Radia  Pois           25%        N/A       12%         4

Your spell library contained the following spells:

 Spells                   Type           Power      Damage    Failure   Level
 Poisonous Vapours        Pois/Air       26%        N/A       7%          2
 Mephitic Cloud           Conj/Pois/Air  9%         N/A       22%         3
 Ozocubu's Armour         Ice            1%         N/A       47%         3
 Ozocubu's Refrigeration  Ice            0%         4d5       100%        7


Dungeon Overview and Level Annotations

Branches:
Dungeon (3/15)

Altars:
Dithmenos
Zin

Annotations:
D:3 Crazy Yiuf


Innate Abilities, Weirdness & Mutations

Your plain brown scales are hard. (AC +6)
You cannot fit into any form of body armour.
You are cold-blooded and may be slowed by cold attacks.


Message History

Unknown command.
There is an open translucent door here.
A spatial maelstrom erupts from nowhere.
A spatial maelstrom is nearby!
A spatial vortex comes into view.
A spatial vortex comes into view.
You barely miss the spatial vortex.
The spatial maelstrom hits you but does no damage. x2
A spatial vortex comes into view.
A spatial vortex comes into view.
The spatial maelstrom hits you.
You blink.
A spatial vortex comes into view.
A spatial vortex comes into view.
Found 15 gold pieces.
A spatial vortex comes into view.
A hell hound and a spatial vortex come into view.
The hell hound barks!
The spatial maelstrom hits you but does no damage.
The spatial maelstrom barely misses you.
The spatial vortex hits you but does no damage.
The spatial maelstrom barely misses you. x2
A hell hound comes into view.
A spatial vortex comes into view.
You completely miss the hell hound.
You tail-slap the hell hound, but do no damage.
The hell hound bites you but does no damage.
The hell hound bites you.
You closely miss the hell hound. The spatial maelstrom misses you.
The spatial maelstrom barely misses you.
The hell hound bites you.
You hit the hell hound.
Your tail-slap misses the hell hound.
The hell hound is lightly wounded.
The hell hound bites you!
A spatial vortex comes into view.
The hell hound bites you but does no damage.
You closely miss the hell hound.
The hell hound is lightly wounded.
The spatial maelstrom hits you!
You blink.
The spatial vortex hits you!!
Ouch! That really hurt!
You die...

..... ...
## ... .
#$# .# #
#h# . #.#
#ยง#.#..
#v#..#
###vv..#
#v.@#.
##..###
##.# ####
##.## #.
....v.
##.....#.##
#.###.#..#
.. .....#
##..#..#


You could see a spatial maelstrom, 4 spatial vortices and a hell hound.

Vanquished Creatures
  Sigmund (D:2)
  An orc priest (D:3)
  Ijyb (D:3)
  An adder (D:2)
  A worm (D:3)
  8 orcs
  4 endoplasms
  2 giant cockroaches (D:3)
  2 goblins
  5 hobgoblins
  4 jackals (D:2)
  A quokka (D:1)
  3 ball pythons
  2 frilled lizards
  3 kobolds
  5 rats
44 creatures vanquished.

Vanquished Creatures (others)
  A plant (D:1)
1 creature vanquished.

Grand Total: 45 creatures vanquished

Notes
Turn   | Place    | Note
-------+----------+-------------------------------------------
     0 | D:1      | bearlyready the Draconian Venom Mage began the quest for
                  | the Orb.
     0 | D:1      | Reached XP level 1. HP: 14/14 MP: 3/3
   663 | D:1      | Found a faded altar of an unknown god.
   940 | D:1      | Reached XP level 2. HP: 6/20 MP: 0/5
  1363 | D:2      | Reached skill level 4 in Poison Magic
  1528 | D:2      | Reached XP level 3. HP: 26/26 MP: 6/6
  1886 | D:2      | Noticed Sigmund
  1903 | D:2      | Killed Sigmund
  1904 | D:2      | Reached skill level 6 in Poison Magic
  1904 | D:2      | Reached XP level 4. HP: 7/33 MP: 1/7
  1904 | D:2      | Reached XP level 5. HP: 8/38 MP: 1/8
  2204 | D:2      | Found a glowing silver altar of Zin.
  2421 | D:3      | Noticed Ijyb
  2440 | D:3      | Killed Ijyb
  2482 | D:3      | Found a shadowy altar of Dithmenos.
  2813 | D:2      | Learned a level 4 spell: Olgreb's Toxic Radiance
  3314 | D:3      | Reached XP level 6. HP: 45/45 MP: 9/9
  3400 | D:3      | Reached skill level 1 in Short Blades
  3441 | D:3      | Found a runed translucent door.
  3442 | D:3      | Noticed Crazy Yiuf
  3714 | D:3      | Cast into level 1 of the Abyss (Crazy Yiuf)
  3750 | Abyss:1  | Noticed a spatial maelstrom
  3752 | Abyss:1  | Noticed a spatial vortex
  3754 | Abyss:1  | Noticed a spatial vortex
  3756 | Abyss:1  | Noticed a spatial vortex
  3757 | Abyss:1  | Noticed a spatial vortex
  3761 | Abyss:1  | Noticed a spatial vortex
  3764 | Abyss:1  | Noticed a spatial vortex
  3767 | Abyss:1  | Noticed a spatial vortex
  3767 | Abyss:1  | Noticed a hell hound
  3767 | Abyss:1  | Noticed a spatial vortex
  3769 | Abyss:1  | Noticed a hell hound
  3770 | Abyss:1  | Noticed a spatial vortex
  3772 | Abyss:1  | Noticed a spatial vortex
  3773 | Abyss:1  | Mangled by a spatial vortex

Illustrated notes

Levels and vault maps discovered:
D:1:      scummos_arrival_star, layout_loops_corners,
          chequers_ecumenical_altar_lobes
D:2:      layout_loops_ring, basic_altar, uniq_sigmund
D:3:      layout_basic, nicolae_dithmenos_through_a_glass_darkly,
          uniq_crazy_yiuf_cottage, uniq_ijyb
Abyss:1:  base: D:2, gammafunk_corrupted_shrine

Skill      XL: |  1  2  3  4  5  6 |
---------------+-------------------+-----
Poison Magic   | 4 6 |  6.6
Short Blades   | 1 |  1.0
Dodging        | |  1.7
Stealth        | |  1.7
Spellcasting   | |  2.0
Transmutations | |  1.0

Action                   |  1- 3 |  4- 6 || total
-------------------------+-------+-------++-------
Melee: Whip              |    60 |    23 ||    83
       Unarmed           |     2 |       ||     2
       Tailslap          |     3 |     2 ||     5
       Short sword       |       |    44 ||    44
 Cast: Sting             |    23 |    20 ||    43
       Olgreb's Toxic Ra |       |     1 ||     1
  Use: Potion            |     2 |       ||     2
 Stab: Sleeping          |     2 |     1 ||     3
Armor: Skin              |    13 |    28 ||    41
Dodge: Dodged            |    41 |    36 ||    77

Table legend: (Time is in decaauts)
 A = Elapsed time spent in this place.
 B = Non-inter-level travel time spent in this place.
 C = Inter-level travel time spent in this place.
 D = Time resting spent in this place.
 E = Time spent auto-exploring this place.
 F = Levels seen in this place.
 G = Mean time per level.
                   A        B        C        D        E       F      G
               +--------+--------+--------+--------+--------+-----+--------+
         Total |   3788 |   3699 |     89 |    449 |   2788 |   4 |  947.0 |
       Dungeon |   3729 |   3640 |     89 |    449 |   2754 |   3 | 1243.0 |
         Abyss |     58 |     58 |      0 |      0 |     34 |   1 |   58.0 |
               +--------+--------+--------+--------+--------+-----+--------+

Top non-repeatable levels by time:
     D:2: 1486 daAuts
     D:1: 1352 daAuts
     D:3: 890 daAuts
 Abyss:1: 58 daAuts
